 Dungeon Crawl Stone Soup version 0.21-a0-71-g5e5ddd2 (webtiles) character file.

1713 Deathtrap2010 the Chopper (level 8, -6/62 HPs)
             Began as a Demonspawn Fighter on June 19, 2017.
             Was an Elder of Okawaru.
             Killed from afar by a wretched star (16 damage)
             ... with an orb of energy
             ... on level 1 of the Abyss.
             The game lasted 00:22:37 (4995 turns).

Deathtrap2010 the Chopper (Demonspawn Fighter)      Turns: 4995, Time: 00:22:38

Health: -6/62      AC: 15    Str: 18      XL:     8   Next: 74%
Magic:  12/12      EV: 13    Int:  9 (10) God:    Okawaru [****..]
Gold:   315        SH:  0    Dex: 13      Spells: 8/11 levels left

rFire    + . .     SeeInvis .   a - +0 war axe
rCold    . . .     Gourm    .   (no shield)
rNeg     . . .     Faith    .   n - +2 scale mail {rF+}
rPois    .         Spirit   .   (helmet restricted)
rElec    .         Reflect  .   i - +1 cloak
rCorr    .         Harm     .   (no gloves)
MR       .....                  (no boots)
Stlth    +.........             (no amulet)
HPRegen  0.20/turn              (no ring)
MPRegen  0.13/turn              (no ring)

@: heroism, drained
A: horns 1, slimy green scales 1, deterioration 1, high mp 1, sense surroundings
1, powered by pain 3, rot immunity, [subdued magic 2]
a: Heroism, Renounce Religion


You were on level 1 of the Abyss.
You worshipped Okawaru.
Okawaru was greatly pleased with you.
You were not hungry.

You visited 1 branch of the dungeon, and saw 7 of its levels.
You visited the Abyss 1 time.

You collected 315 gold pieces.

Inventory:

Hand Weapons
 a - a +0 war axe (weapon)
Armour
 b - a +0 scale mail
 i - a +1 cloak (worn)
 n - a +2 scale mail of fire resistance (worn)
Wands
 k - a wand of flame (38/48)
Scrolls
 e - 4 scrolls of identify
 h - 3 scrolls of teleportation
Potions
 c - a potion of might
 d - a potion of brilliance
 j - a potion of ambrosia
 l - 2 potions of curing
Comestibles
 f - 4 fruits
 g - 4 meat rations
 o - 3 bread rations


   Skills:
 * Level 5.1(9.8) Fighting
 * Level 6.3(11.0) Axes
 * Level 4.9(9.6) Armour
 * Level 2.5(7.2) Dodging
   Level 4.5(9.2) Shields
 * Level 2.1(1.9) Spellcasting
 * Level 0.8(0.6) Translocations
 * Level 3.1(2.9) Invocations
 + Level 0.4(0.1) Evocations


You had 8 spell levels left.
You knew the following spells:

 Your Spells              Type           Power        Failure   Level  Hunger
a - Gell's Gravitas       Tloc           #.........   86%         3    ####...


Dungeon Overview and Level Annotations

Branches:
Dungeon (7/15)             Temple (0/1) D:6

Altars:
Hepliaklqana
Kikubaaqudgha
Okawaru
Vehumet
Yredelemnul
The Shining One

Annotations:
D:6 Crazy Yiuf, Duvessa


Innate Abilities, Weirdness & Mutations

You have a pair of small horns on your head.
You are partially covered in slimy green scales. (AC +2)
You are powered by pain.
You are immune to rotting.
Your body sometimes deteriorates upon taking damage.
You have an increased reservoir of magic. (+10% MP)
You passively map a small area around you.
[Your spells are easier to cast, but less powerful.]


Message History

The wretched star glows turbulently.
The orb of energy hits you!
* * * LOW HITPOINT WARNING * * *
You focus on the pain.
You feel your power returning.
The orb of energy explodes!
You hit the wretched star but do no damage.
You headbutt the wretched star.
The wretched star is moderately damaged.
You hit the wretched star.
The wretched star is moderately damaged.
The wretched star pulses with an eldritch light!
Your connection to magic feels subdued.
Your connection to magic feels more subdued.
You hit the wretched star.
The wretched star is moderately damaged.
You closely miss the wretched star.
The wretched star is moderately damaged.
The wretched star glows turbulently.
The orb of energy hits you!
You die...

#.. # ..
##.#.###. #
#. #.... ##
#..... #..
#.. ####.# #
#....##.##.##
..#...#.#..#
.. #.....#>#
# . #@..#..#
#*#.## #
#..?..#
...##.## #
#### .#. . #
. ..


You could see a wretched star.

Vanquished Creatures
  Sigmund (D:2)
  Eustachio (D:6)
  Edmund (D:4)
  An orc warrior (D:3)
  A black bear (D:6)
  A sky beast (D:7)
  2 ogres
  The ghost of uglyjohn the Insei, an amateur OpTm (D:3)
  Dowan (D:6)
  A scorpion (D:3)
  2 crimson imps (D:6)
  2 jellies (D:5)
  2 hounds
  An orc wizard (D:4)
  Ijyb (D:3)
  3 iguanas
  Natasha (thrice) (D:2)
  A worker ant (D:6)
  Robin (D:4)
  4 gnolls (D:3)
  11 adders
  An ooze (D:2)
  An adder skeleton (D:5)
  A dart slug (D:1)
  2 leopard geckos
  4 orcs (D:3)
  9 bats
  A giant cockroach (D:6)
  2 gnoll zombies (D:5)
  16 goblins
  11 hobgoblins
  16 jackals
  9 kobolds
  3 quokkas
  2 ball pythons (D:3)
  5 frilled lizards
  A jackal skeleton (D:4)
  A leopard gecko skeleton (D:5)
  A leopard gecko zombie (D:6)
  2 quokka skeletons (D:4)
  5 rats (D:2)
135 creatures vanquished.

Notes
Turn   | Place    | Note
-------+----------+-------------------------------------------
     0 | D:1      | Deathtrap2010 the Demonspawn Fighter began the quest for the Orb.
     0 | D:1      | Reached XP level 1. HP: 18/18 MP: 1/1
   476 | D:1      | Reached skill level 2 in Axes
   476 | D:1      | Gained mutation: You sometimes gain a little power by taking damage. [demonic ancestry]
   476 | D:1      | Reached XP level 2. HP: 19/24 MP: 2/2
  1068 | D:2      | Gained mutation: You sometimes gain power by taking damage. [demonic ancestry]
  1068 | D:2      | Reached XP level 3. HP: 29/29 MP: 3/3
  1162 | D:2      | Found a faded altar of an unknown god.
  1167 | D:2      | Became a worshipper of Warmaster Okawaru
  1167 | D:2      | Reached * piety under Okawaru
  1305 | D:2      | Noticed Sigmund
  1320 | D:2      | Killed Sigmund
  1320 | D:2      | Reached ** piety under Okawaru
  1320 | D:2      | Reached skill level 3 in Axes
  1320 | D:2      | Reached skill level 1 in Dodging
  1320 | D:2      | Gained mutation: You are powered by pain. [demonic ancestry]
  1320 | D:2      | Reached XP level 4. HP: 9/37 MP: 1/4
  1320 | D:2      | Reached XP level 5. HP: 10/42 MP: 1/5
  1514 | D:2      | Noticed Natasha
  1523 | D:2      | Killed Natasha
  1523 | D:2      | Reached skill level 1 in Invocations
  1794 | D:2      | Noticed Natasha
  1802 | D:2      | Killed Natasha
  1802 | D:2      | Gained mutation: You are partially covered in slimy green scales. (AC +2) [demonic ancestry]
  1802 | D:2      | Reached XP level 6. HP: 24/48 MP: 6/6
  1936 | D:2      | Noticed Natasha
  1941 | D:2      | Killed Natasha
  1993 | D:3      | Noticed uglyjohn's ghost (amateur OpTm)
  2010 | D:3      | Killed uglyjohn's ghost
  2010 | D:3      | Reached *** piety under Okawaru
  2010 | D:3      | Reached skill level 4 in Axes
  2035 | D:3      | Noticed Ijyb
  2054 | D:3      | Killed Ijyb
  2126 | D:3      | Found an iron altar of Okawaru.
  2188 | D:3      | Noticed an orc warrior
  2192 | D:3      | Found a transporter.
  2192 | D:3      | Found a transporter.
  2212 | D:3      | Found a glowing golden altar of the Shining One.
  2525 | D:3      | Gained mutation: You are immune to rotting. [demonic ancestry]
  2525 | D:3      | Reached XP level 7. HP: 53/54 MP: 8/8
  2745 | D:3      | Reached skill level 1 in Spellcasting
  2776 | D:3      | Gained mutation: You have an increased reservoir of magic. (+10% MP) [potion of mutation]
  2776 | D:3      | Gained mutation: Your body sometimes deteriorates upon taking damage. [potion of mutation]
  2776 | D:3      | Gained mutation: You passively map a small area around you. [potion of mutation]
  2835 | D:4      | Found a radiant altar of Vehumet.
  2844 | D:4      | Noticed Robin
  2859 | D:4      | Killed Robin
  3053 | D:4      | Noticed Edmund
  3083 | D:4      | Killed Edmund
  3083 | D:4      | Reached **** piety under Okawaru
  3083 | D:4      | Reached skill level 5 in Axes
  3214 | D:4      | You fall through a shaft for 3 floors!
  3323 | D:6      | Noticed Dowan
  3324 | D:6      | Noticed Duvessa
  3327 | D:6      | Found a hazy altar of Hepliaklqana.
  3333 | D:6      | Gained mutation: You have a pair of small horns on your head. [demonic ancestry]
  3333 | D:6      | Reached XP level 8. HP: 27/61 MP: 11/11
  3340 | D:6      | Killed Dowan
  3352 | D:6      | Found a staircase to the Ecumenical Temple.
  3390 | D:6      | Found an ancient bone altar of Kikubaaqudgha.
  3444 | D:5      | Entered Level 5 of the Dungeon
  3579 | D:5      | Got a heavily runed ring mail
  3590 | D:5      | Identified the +1 ring mail of Etwuf {rN++ MP+9 Dex-3} (You found it on level 5 of the Dungeon)
  3924 | D:5      | Learned a level 3 spell: Gell's Gravitas
  4351 | D:5      | Found a basalt altar of Yredelemnul.
  4573 | D:6      | Noticed Eustachio
  4589 | D:6      | Killed Eustachio
  4589 | D:6      | Reached skill level 6 in Axes
  4699 | D:6      | Reached skill level 5 in Fighting
  4904 | D:6      | Found a runed door.
  4956 | D:6      | Noticed Crazy Yiuf
  4959 | D:6      | Cast into level 1 of the Abyss (Crazy Yiuf)
  4983 | Abyss:1  | Noticed a wretched star
  4995 | Abyss:1  | Killed from afar by a wretched star

Vault maps used:
D:1:      dpeg_arrival_snail, serial_curves, eino_curves_03, eino_curves_03,
          eino_curves_02, amethyst_killhole, minmay_split_cup_small
D:2:      first_bread, chequers_ecumenical_altar_lobes, uniq_natasha,
          uniq_sigmund
D:3:      nicolae_overflow_hidden_temple, gammafunk_temple_overflow_arena,
          serial_glass, glass_columns_b, glass_columns_c, glass_columns_b,
          glass_columns_a, glass_columns_a, glass_columns_b, glass_columns_a,
          glass_columns_a, uniq_ijyb
D:4:      vehumet_crystals, uniq_edmund, uniq_robin
D:5:      lemuel_zombie_altar_yredelemnul
D:6:      overflow_temple_1_default, grunt_temple_overflow_open,
          minmay_temple_entry_large_hall, serial_glass, glass_columns_c,
          glass_columns_a, lemuel_statue_altar, uniq_duvessa, uniq_eustachio,
          uniq_crazy_yiuf_cottage
D:7:      hangedman_cross_stitches, grunt_ogre_cave, tgw_sif

Skill      XL: |  1  2  3  4  5  6  7  8 |
---------------+-------------------------+-----
Axes           | 2 3 4 5 6 |  6.3
Shields        | 3 4 |  4.5
Armour         | 3 4 |  4.9
Dodging        | 1 2 |  2.5
Invocations    | 1 2 3 |  3.1
Fighting       | 4 5 |  5.1
Spellcasting   | 1 2 |  2.1
Translocations | |  0.8
Evocations     | |  0.4

Action                   |  1- 3 |  4- 6 |  7- 9 || total
-------------------------+-------+-------+-------++-------
Melee: War axe           |    99 |   152 |   243 ||   494
       Headbutt          |       |       |    21 ||    21
Invok: Heroism           |     1 |       |     2 ||     3
Evoke: Wand              |       |       |     5 ||     5
  Use: Scroll            |     6 |     2 |     6 ||    14
       Potion            |     4 |     2 |     9 ||    15
  Eat: Bread ration      |     1 |     1 |       ||     2
       Fruit             |       |     1 |       ||     1
       Meat ration       |       |       |     1 ||     1
       Royal jelly       |       |       |     1 ||     1
Armor: Scale mail        |    62 |    81 |   156 ||   299
Dodge: Dodged            |    39 |    58 |   119 ||   216
Block: Shield            |    65 |   102 |   140 ||   307
